 Dungeon Sprint DCSS version 0.30-a0-883-g5ad918d77d (webtiles) character file.

Game seed: 8275156374138243482

60 BigDaddyOpFi the Trooper (level 4, -4/44 HPs)
             Began as a Hill Orc Fighter on Mar 17, 2023.
             Slain by a water elemental (8 damage)
             ... in the Dungeon (Sprint III: "The Ten Rune Challenge").
             The game lasted 00:02:00 (778 turns).

BigDaddyOpFi the Trooper (Hill Orc Fighter)          Turns: 778, Time: 00:02:01

Health: -4/44      AC:  7    Str: 20    XL:     4   Next: 6%
Magic:  4/4        EV:  9    Int:  8    God:
Gold:   11         SH:  5    Dex: 10    Spells: 3/3 levels left

rFire   . . .      SeeInvis .    k - +0 sling (flame)
rCold   . . .      Faith    .    c - +0 buckler
rNeg    . . .      Spirit   .    b - +0 scale mail
rPois   .          Reflect  .    (no helmet)
rElec   .          Rampage  .    (no cloak)
rCorr   .          NoTele   +    (no gloves)
Will    .....                    (no boots) Stlth
                                 (no amulet)
HPRegen 0.27/turn                (no ring)
MPRegen 0.09/turn                (no ring)

@: engulfed (cannot breathe)
A: no striking features
a: no special abilities


You were in the Dungeon.
You visited 1 branch You collected 11 gold pieces.

Inventory:

Hand Weapons
 a - a +0 war axe
 k - a +0 sling of flaming (weapon)
Armour
 b - a +0 scale mail (worn)
 c - a +0 buckler (worn)
Scrolls
 j - a scroll of blinking
Potions
 g - a potion of haste
 h - 2 potions of magic
 i - a potion of berserk rage


   Skills:
 + Level 5.7 Fighting
 + Level 5.5 Axes
 + Level 5.2 Armour
 + Level 5.2 Shields


You had 3 spell levels left.
You didn't know any spells.
Your spell library was empty.

Dungeon Overview and Level Annotations

Branches:
Dungeon (1/1)

Altars:


Message History

You shoot a sling bullet.
The sling bullet barely misses the water elemental.
The water elemental barely misses you. The water elemental hits you.
The water elemental engulfs you in water!
Fire: k) +0 sling (flame)
Press: ? - help, Q - select action Shift-Dir - straight line, f/p - water elemental
Aim: a water elemental (67% to hit)
You shoot a sling bullet.
The sling bullet hits the water elemental.
The sling bullet burns the water elemental.
The water elemental is lightly damaged.
Your lungs strain for air!
You block the water elemental's attack. The water elemental barely misses you.
Fire: k) +0 sling (flame)
Press: ? - help, Q - select action Shift-Dir - straight line, f/p - water elemental
Aim: a water elemental (lightly damaged, 67% to hit)
You shoot a sling bullet.
The sling bullet hits the water elemental but does no damage.
The water elemental is lightly damaged.
Your lungs strain for air!
You block the water elemental's attack.
Fire: k) +0 sling (flame)
Press: ? - help, Q - select action Shift-Dir - straight line, f/p - water elemental
Aim: a water elemental (lightly damaged, 67% to hit)
You shoot a sling bullet.
The sling bullet hits the water elemental.
The sling bullet burns the water elemental.
The water elemental is heavily damaged.
Your lungs strain for air!
You block the water elemental's attack. The water elemental hits you!
* * * LOW HITPOINT WARNING * * *
Fire: k) +0 sling (flame)
Press: ? - help, Q - select action Shift-Dir - straight line, f/p - water elemental
Aim: a water elemental (heavily damaged, 67% to hit)
Okay, then.
You feel better.
* * * LOW HITPOINT WARNING * * *
Your lungs strain for air!
The water elemental hits you!
You die...

▓▓▓ ▓▓▓ <.# ♣.# ..#
#.....♣♣ ♣♣.#
#'####....♣.♣ ♣..#
..÷..#....~.♣♣♣..# #+#+#
.....#...~~.♣.♣♣.#......
.....#..~~~~♣..♣@E.⌠....
####'#..~≈≈~~~.♣.#...###
.....#.~÷≈~~~....# ⌠.#
....)#.~≈~~~.....# .#
.....#.~~~.......# #
'#####...........#
.................#
▓▓▓▓▓▓▓▓▓▓▓▓▓▓▓▓▓▓


You could see a water elemental.

Vanquished Creatures
  Jessica (D)
  A human (D)
  A wolf (D)
  An endoplasm (D)
  2 rats (D)
6 creatures vanquished.

Notes
Turn   | Place    | Note
-------+----------+-------------------------------------------
     0 | D        | BigDaddyOpFi the Hill Orc Fighter began the quest for the
                  | Orb.
     0 | D        | Reached XP level 1. HP: 19/19 MP: 1/1
    67 | D        | Noticed Jessica
    76 | D        | HP: 1/20 [Jessica/nerve-wracking pain (12)]
    77 | D        | Killed Jessica
    78 | D        | Reached skill level 5 in Fighting
    78 | D        | Reached XP level 2. HP: 2/29 MP: 2/2
    78 | D        | Reached XP level 3. HP: 2/36 MP: 3/3
   329 | D        | HP: 1/36 [human (8)]
   342 | D        | Reached skill level 5 in Axes
   342 | D        | Reached skill level 5 in Armour
   342 | D        | Reached skill level 5 in Shields
   523 | D        | Reached XP level 4. HP: 28/44 MP: 4/4
   771 | D        | Noticed a water elemental
   778 | D        | Slain by a water elemental

Illustrated notes

Levels and vault maps discovered:
D:        dungeon_sprint_mu [sprint_mu_entry_forest, sprint_mu_temple_rooms,
          sprint_mu_d1_horrors, sprint_mu_d2_genie, sprint_mu_d3_branching,
          sprint_mu_orc_legion, sprint_mu_elf_gauntlet, sprint_mu_hive_nellie,
          sprint_mu_lair_fedhas, sprint_mu_vaults_butterflies,
          sprint_mu_slime_circle, sprint_mu_shoals_archi,
          sprint_mu_snake_twists, sprint_mu_blade_basic, sprint_mu_crypt_lich,
          sprint_mu_tomb_spiral, sprint_mu_vestibule_basic,
          sprint_mu_gehenna_hellfire, sprint_mu_dis_giant,
          sprint_mu_tartarus_statrot, sprint_mu_cocytus_islands, sprint_mu_zot1]

Skill      XL: |  1  2  3 |
---------------+----------+-----
Axes           | 4 5 |  5.5
Fighting       | 5 |  5.7
Armour         | 4 5 |  5.2
Shields        | 4 5 |  5.2

Action                     |  1- 3 |  4- 6 || total
---------------------------+-------+-------++-------
  Melee: War axe           |    23 |       ||    23
   Fire: Sling             |    26 |     5 ||    31
    Use: Potion            |     2 |     1 ||     3
 Armour: Scale mail        |    12 |     1 ||    13
  Dodge: Dodged            |    31 |     3 ||    34
  Block: Buckler           |    12 |     3 ||    15

Table legend: (Time is in decaauts)
 A = Elapsed time spent in this place.
 B = Non-inter-level travel time spent in this place.
 C = Inter-level travel time spent in this place.
 D = Time resting spent in this place.
 E = Time spent auto-exploring this place.
 F = Levels seen in this place.
 G = Mean time per level.
                   A        B        C        D        E       F      G
               +--------+--------+--------+--------+--------+-----+--------+
         Total |    804 |    804 |      0 |    657 |      0 |   1 |  804.0 |
       Dungeon |    804 |    804 |      0 |    657 |      0 |   1 |  804.0 |
               +--------+--------+--------+--------+--------+-----+--------+

Top non-repeatable levels by time:
       D: 804 daAuts
